 Dungeon Crawl Stone Soup version 0.22.0-36-g8e74550 (webtiles) character file.

1019 iamserjio the Grappler (level 8, -12/74 HPs)
             Began as a Troll Fighter on Aug 24, 2018.
             Was a Follower of Cheibriados.
             Mangled by Harold
             ... wielding a +0 halberd
              (15 damage)
             ... on level 7 of the Dungeon.
             The game lasted 00:09:29 (1279 turns).

iamserjio the Grappler (Troll Fighter)              Turns: 1279, Time: 00:09:30

Health: -12/74     AC:  6    Str: 27    XL:     8   Next: 2%
Magic:  7/7        EV: 13    Int:  8    God:    Cheibriados [*.....]
Gold:   88         SH:  9    Dex: 16    Spells: 7/7 levels left

rFire    + . .     SeeInvis .     - Unarmed
rCold    . . .     Gourm    +   b - +0 shield
rNeg     . . .     Faith    .   p - +1 robe {rF+}
rPois    .         Spirit   .   (helmet restricted)
rElec    .         Reflect  .   (no cloak)
rCorr    .         Harm     .   (gloves unavailable)
MR       .....                  (boots unavailable)
Stlth    ++........             (no amulet)
HPRegen  0.62/turn              (no ring)
MPRegen  0.10/turn              (no ring)

@: agile, very slow
A: large, unfitting armour, claws 3, fast metabolism 3, gourmand, regeneration
1, shaggy fur 1, tough skin 2
a: Bend Time, Renounce Religion


You were on level 7 of the Dungeon.
You worshipped Cheibriados.
Cheibriados was aware of your devotion.
You were full.

You visited 2 branches of the dungeon, and saw 8 of its levels.

You collected 121 gold pieces.
You spent 33 gold pieces at shops.

Inventory:

Missiles
 q - 8 javelins (quivered)
Armour
 a - a +0 robe
 b - a +0 shield (worn)
 p - a +1 robe of fire resistance (worn)
Wands
 c - a wand of digging (11)
 v - a wand of enslavement (17)
Scrolls
 u - a scroll of fear {unknown}
 y - a scroll of noise
Potions
 f - a potion of berserk rage
 h - a potion of resistance
 i - 2 potions of agility
 k - a potion of magic
 m - a potion of lignification {unknown}
 n - a potion of flight {unknown}
 o - a potion of curing {@q1}
 x - a potion of heal wounds {unknown}
 z - a potion of ambrosia {unknown}
Comestibles
 d - 9 rations


   Skills:
 - Level 2.4 Fighting
 - Level 2.4 Dodging
 - Level 2.4 Shields
 + Level 9.5 Unarmed Combat


You had 7 spell levels left.
You didn't know any spells.
Your spell library contained the following spells:

 Spells                   Type           Power        Failure   Level  Hunger
 Confusing Touch          Hex            #.....       87%         1    ##.....
 Summon Small Mammal      Summ           #...         87%         1    ##.....
 Call Imp                 Summ           #.......     95%         2    ###....
 Call Canine Familiar     Summ           #.......     99%         3    ####...
 Confuse                  Hex            #.......     99%         3    ####...
 Gell's Gravitas          Tloc           #.........   99%         3    ####...
 Summon Guardian Golem    Hex/Summ       #.......     99%         3    ####...
 Petrify                  Tmut/Erth      #.......     100%        4    #####..
 Summon Ice Beast         Ice/Summ       #.......     100%        4    #####..
 Summon Lightning Spire   Summ/Air       #.......     100%        4    #####..
 Metabolic Englaciation   Hex/Ice        #.........   100%        5    ######.
 Yara's Violent Unravell  Hex/Tmut       #.........   100%        5    ######.


Dungeon Overview and Level Annotations

Branches:
Dungeon (7/15)             Temple (1/1) D:6

Altars:
Ashenzari
Cheibriados
Dithmenos
Elyvilon
Fedhas
Hepliaklqana
Nemelex Xobeh
Okawaru
Ru
Sif Muna
Trog
Vehumet
Wu Jian
Xom

Shops:
D:4 !

Annotations:
D:7 Dowan, Duvessa, Harold


Innate Abilities, Weirdness & Mutations

You are too large for most types of armour.
You have claws for hands.
Your metabolism is lightning-fast.
You like to eat raw meat.
Your natural rate of healing is unusually fast.
You are covered in fur. (AC +1)
You have very tough skin. (AC +2)


Message History

You scratch Harold but do no damage.
Harold is moderately wounded.
Harold hits you with a halberd!
You scratch Harold but do no damage.
Harold is moderately wounded.
Harold hits you with a halberd!!
* * * LOW HITPOINT WARNING * * *
Unknown command.
You feel better. Harold hits you with a halberd!
* * * LOW HITPOINT WARNING * * *
You barely miss Harold.
Harold is moderately wounded.
You claw Harold!
Harold is heavily wounded.
Harold hits you with a halberd!
* * * LOW HITPOINT WARNING * * *
You barely miss Harold.
Harold is heavily wounded.
Harold hits you with a halberd!
You die...

*,,,,* *,,,,,,,,,**,,
*,,,,* *,,,,,,,,,,*,,
######## *,,,,,,,,,,,,,
#......# *,,,,,,,,*,*,*
#......# *,,,,,,,,*,,,,
#......#######,,,,,,,,*****
#......#.....####.,,,,,,,,,
#......#.@........,,,,,,,,,
#......#..@..#****,.,,,,***
#......#.....#####..,,,,*
##...###............*****
#...# #............** #...#
#..!.........,*
#####...#######(###..,,,*
#.......'.......#
*,.,>,******
#.###...#########
*,,,,,,,,,,, #.# #...#
*,,,,,,,,,,,


You could see Harold.

Vanquished Creatures
  Grinder (D:5)
  An ice beast (D:7)
  A phantom (D:6)
  An ogre (D:5)
  4 wights (D:4)
  3 crimson imps
  A quasit (D:6)
  A hound (D:6)
  2 orc wizards
  An orc priest (D:5)
  2 worker ants (D:6)
  A howler monkey skeleton (D:7)
  4 adders
  A dart slug (D:3)
  2 leopard geckos
  10 orcs
  A ball python (D:3)
  A bat (D:1)
  A goblin (D:2)
  3 hobgoblins
  7 jackals
  3 quokkas
  2 frilled lizards
  A jackal zombie (D:5)
  A kobold (D:3)
  A quokka skeleton (D:5)
  2 rats (D:3)
59 creatures vanquished.

Notes
Turn   | Place    | Note
-------+----------+-------------------------------------------
     0 | D:1      | iamserjio the Troll Fighter began the quest for the Orb.
     0 | D:1      | Reached XP level 1. HP: 22/22 MP: 0/0
   280 | D:3      | Reached XP level 2. HP: 29/29 MP: 1/1
   335 | D:3      | Reached skill level 3 in Unarmed Combat
   356 | D:3      | Reached XP level 3. HP: 19/36 MP: 2/2
   503 | D:4      | Found Uchuxim's Distillery.
   509 | D:4      | Bought a potion of curing for 33 gold pieces
   542 | D:4      | Reached skill level 4 in Unarmed Combat
   542 | D:4      | Reached XP level 4. HP: 44/44 MP: 3/3
   543 | D:4      | Reached skill level 5 in Unarmed Combat
   548 | D:4      | Reached XP level 5. HP: 50/50 MP: 4/4
   622 | D:5      | Entered Level 5 of the Dungeon
   652 | D:5      | Reached skill level 6 in Unarmed Combat
   723 | D:5      | Noticed Grinder
   735 | D:5      | Killed Grinder
   735 | D:5      | Reached skill level 7 in Unarmed Combat
   735 | D:5      | Reached XP level 6. HP: 38/59 MP: 5/5
   752 | D:6      | Found an iron altar of Okawaru.
   776 | D:6      | Reached XP level 7. HP: 42/66 MP: 6/6
   873 | D:6      | Reached skill level 8 in Unarmed Combat
   901 | D:6      | Found a staircase to the Ecumenical Temple.
   906 | Temple   | Entered the Ecumenical Temple
   910 | Temple   | Became a worshipper of Cheibriados the Contemplative
  1093 | D:5      | Reached skill level 9 in Unarmed Combat
  1203 | D:7      | Noticed Duvessa
  1203 | D:7      | Noticed Dowan
  1227 | D:7      | Reached * piety under Cheibriados
  1236 | D:7      | Reached XP level 8. HP: 49/74 MP: 7/7
  1268 | D:7      | Noticed Harold
  1278 | D:7      | HP: 2/74 [Harold/halberd (16)]
  1279 | D:7      | Mangled by Harold

Skill      XL: |  1  2  3  4  5  6  7 |
---------------+----------------------+-----
Unarmed Combat | 3 4 5 7 9 |  9.5
Fighting       | |  2.4
Dodging        | |  2.4
Shields        | |  2.4

Action                   |  1- 3 |  4- 6 |  7- 9 || total
-------------------------+-------+-------+-------++-------
Melee: Unarmed           |    52 |    52 |    96 ||   200
  Use: Potion            |       |     1 |     2 ||     3
       Scroll            |       |       |    10 ||    10
  Eat: Chunk             |     2 |       |     9 ||    11
       Ration            |       |     1 |       ||     1
Armor: Robe              |     5 |    21 |    29 ||    55
Dodge: Dodged            |    13 |    16 |    26 ||    55
Block: Shield            |    12 |    25 |    41 ||    78
